 Dungeon Crawl Stone Soup version 0.19.1 (webtiles) character file.

85591 Host24 the Sharpshooter (level 16, -3/112 HPs)
             Began as a Kobold Hunter on Dec 31, 2016.
             Was the Champion of Okawaru.
             Killed by divine providence
             ... invoked by Saint Roka
              (9 damage)
             ... on level 2 of the Orcish Mines.
             The game lasted 01:43:13 (35575 turns).

Host24 the Sharpshooter (Kobold Hunter)            Turns: 35575, Time: 01:43:13

Health: -3/112     AC: 10    Str: 10    XL:     16   Next: 31%
Magic:  0/19       EV: 31    Int: 12    God:    Okawaru [******]
Gold:   2883       SH:  0    Dex: 22    Spells: 1 memorised, 13 levels left

rFire  . . .     SeeInvis +     j - +4 arbalest (flame)
rCold  . . .     Gourm    .     M - +2 leather armour {rPois}
rNeg   . . .     Faith    .     (shield currently unavailable)
rPois  +         Spirit   +     z - +0 helmet
rElec  .         Reflect  .     e - +1 cloak
rCorr  +         Harm     .     (no gloves)
MR     +....                    n - +1 pair of boots {run}
Stlth  ++........               F - amulet of guardian spirit
                                p - ring of resist corrosion
                                W - ring of see invisible

@: slowed, very slow
A: carnivore 3
a: Heroism, Finesse, Renounce Religion


You were on level 2 of the Orcish Mines.
You worshipped Okawaru.
Okawaru was exalted by your worship.
You were completely stuffed.

You visited 5 branches of the dungeon, and saw 24 of its levels.
You also visited: Labyrinth.

You collected 2883 gold pieces.

Inventory:

Hand Weapons
 j - a +4 arbalest of flaming (weapon)
 w - a +1 spear of venom
 x - a +3 long sword
 B - a cursed -2 hunting sling
 E - a +1 arbalest of venom
 G - a +1 scimitar of freezing
 H - a +3 trident
 S - a +2 dagger of electrocution
 T - a +7 long sword
 U - a +1 flail of holy wrath
Missiles
 a - 189 stones
 d - 302 bolts (quivered)
 m - 42 tomahawks
 s - 129 arrows
 K - 3 exploding tomahawks
 Y - 6 tomahawks of returning
Armour
 e - a +1 cloak (worn)
 n - a +1 pair of boots of running (worn)
 o - a +0 chain mail of magic resistance
 q - a +1 robe of cold resistance
 v - the +0 pair of boots of the Great Game {*Slow rF++ rC+}
   (Okawaru gifted it to you on level 12 of the Dungeon)

   It greatly protects you from fire.
   It protects you from cold.
   It may slow you when you take damage.
 z - a +0 helmet (worn)
 D - a +0 plate armour of positive energy
 M - a +2 leather armour of poison resistance (worn)
 R - a +1 robe of cold resistance
Jewellery
 p - a ring of resist corrosion (right hand)
 F - an amulet of guardian spirit (around neck)
 W - a ring of see invisible (left hand)
Wands
 h - a wand of heal wounds (4/9)
 r - a wand of hasting (2/9)
Scrolls
 t - 2 scrolls of fear
 u - a scroll of remove curse
 y - a scroll of magic mapping
 A - a scroll of enchant armour
 O - a scroll of amnesia
 P - 3 scrolls of teleportation
 Q - a scroll of recharging
 V - 3 scrolls of fog
Potions
 b - 2 potions of flight
 J - 3 potions of might
 L - 2 potions of agility
 N - 2 potions of brilliance
 X - a potion of haste
Books
 c - a Young Poisoner's Handbook

   Spells                             Type                      Level
   a - Sting                          Conjuration/Poison           1
   b - Mephitic Cloud                 Conjuration/Poison/Air       3
   c - Olgreb's Toxic Radiance        Poison                       4
   d - Alistair's Intoxication        Transmutation/Poison         5
   e - Venom Bolt                     Conjuration/Poison           5
Miscellaneous
 k - a phantom mirror
 l - a phial of floods
 C - a fan of gales
 I - a crystal ball of energy
Comestibles
 f - 9 meat rations
 g - a beef jerky
 i - a slice of pizza


   Skills:
 + Level 17.4 Fighting
 - Level 18.0 Crossbows
 - Level 17.0 Dodging
 - Level 1.3 Stealth
 - Level 5.2 Invocations


You had 13 spell levels left.
You knew the following spells:

 Your Spells              Type           Power        Failure   Level  Hunger
a - Blink                 Tloc           N/A          71%         2    ###....


Dungeon Overview and Level Annotations

Branches:
Dungeon (14/15)            Temple (1/1) D:6            Lair (6/6) D:9
  Swamp (0/4) Lair:3        Snake (0/4) Lair:3        Slime (0/5) Lair:5
    Orc (2/2) D:12            Elf (1/3) Orc:2        Vaults (0/5) D:14

Altars:
Ashenzari
Cheibriados
Dithmenos
Elyvilon
Fedhas
Gozag
Hepliaklqana
Kikubaaqudgha
Makhleb
Nemelex Xobeh
Okawaru
Qazlal
Ru
Sif Muna
Trog
Uskayaw
Vehumet
Xom
Yredelemnul
Zin
The Shining One
Beogh
Lugonu

Shops:
D:14 *   Orc:2 ?:([?

Annotations:
Orc:2 Saint Roka


Innate Abilities, Weirdness & Mutations

You are small and have problems with some larger weapons.
You are carnivorous and can eat meat at any time.


Message History

Saint Roka calls down the wrath of Beogh upon you.
Beogh smites you!
* * * LOW HITPOINT WARNING * * *
The orc warrior completely misses you. The orc hits you but does no damage.
The orc misses you.
Saint Roka mumbles some strange prayers to Beogh against you.
Beogh smites you!
* * * LOW HITPOINT WARNING * * *
Saint Roka mumbles some strange prayers to Beogh against you.
Beogh smites you!
* * * LOW HITPOINT WARNING * * *
The orc barely misses you.
Saint Roka mumbles some strange prayers to Beogh against you.
Beogh smites you!
* * * LOW HITPOINT WARNING * * *
There is an escape hatch in the ceiling here.
Okay, then.
Saint Roka mumbles some strange prayers to Beogh against you.
Beogh smites you!
You die...

#### ######### ##############
.#.####.#.#...###...##.#..#..###
....##.........................##
.....#.......<..................#
.................................
.....#......................#####
...........................##...#
...............o@.........##.....
...............o..........#...)..
.......#......o.....#.....#∩._8..
.....................#....#......
.........#................##.....
#...........#..............##...#
#........#.##...............#####
#...#....o.......#...............
#.......................#....####


You could see Saint Roka, an orc warrior and 2 orcs.

Vanquished Creatures
  An orc warlord (Orc:2)
  Nessos (Lair:4)
  A minotaur (Lab)
  Fannar (D:11)
  4 vault guards (D:14)
  2 centaur warriors
  7 hydras
  3 catoblepae
  9 death yaks
  An ogre mage (D:13)
  A deep troll shaman (Lair:6)
  4 tengu warriors
  Urug (Lair:4)
  5 skeletal warriors (D:12)
  The ghost of Darts the Covert, a novice OpIE of Dithmenos (Lab)
  5 unseen horrors
  A wizard (D:14)
  A deep elf archer (Orc:2)
  2 hill giants
  A lindwurm (Lair:6)
  2 orc knights (Orc:2)
  An ugly thing (D:12)
  3 deep elf magi
  4 orc sorcerers
  4 cyclopes
  2 manticores
  Maurice (Orc:1)
  10 elephants
  3 gargoyles
  3 black mambas
  10 spiny frogs
  2 rime drakes
  A kobold demonologist (D:14)
  5 komodo dragons
  A meliai (D:14)
  A tyrant leech (Lair:4)
  4 trolls
  3 polar bears (Lair:6)
  10 blink frogs
  A wolf spider simulacrum (D:14)
  A hornet (D:10)
  2 two-headed ogres
  17 hippogriffs
  12 slime creatures
  A meliai zombie (D:13)
  2 shadows
  3 wyverns
  A water elemental (D:13)
  A spriggan (D:7)
  3 wraiths
  33 yaks
  A hungry ghost (D:11)
  5 basilisks
  2 vampire mosquitoes (D:13)
  Menkaure (D:7)
  4 nagas (Lair:3)
  2 wargs (Orc:2)
  16 water moccasins
  10 porcupines
  3 sky beasts
  2 ice beasts
  35 orc warriors
  6 black bears
  2 phantoms
  4 boggarts (D:12)
  17 ogres
  5 centaurs
  20 wolves
  17 crocodiles
  4 big kobolds
  16 bullfrogs
  2 scorpions
  7 killer bees
  2 electric eels
  4 wights
  10 howler monkeys
  7 crimson imps
  2 bullfrog zombies (D:12)
  14 hounds
  4 bullfrog skeletons
  Crazy Yiuf (D:3)
  24 orc priests
  5 iguanas
  5 jellies
  4 centaur skeletons
  11 worker ants
  18 orc wizards
  2 hound zombies (D:5)
  2 hound skeletons (D:5)
  2 worker ant zombies (D:8)
  10 adders
  4 gnolls
  4 shadow imps
  An ooze (D:1)
  3 worms
  3 dart slugs
  7 leopard geckos
  97 orcs
  A ball python (D:3)
  5 bats
  7 giant cockroaches
  10 goblins
  6 hobgoblins
  11 jackals
  4 quokkas
  A ball python skeleton (D:4)
  4 frilled lizards
  A jackal skeleton (D:4)
  21 kobolds
  11 rats
708 creatures vanquished.

Vanquished Creatures (others)
  A boggart (D:12)
  A bullfrog zombie (D:12)
  An orc wizard (D:8)
  A killer bee zombie (D:10)
  An orc (Orc:2)
  A kobold (D:12)
  3 bushes (Lair:3)
  11 fungi
  10 plants
30 creatures vanquished.

Grand Total: 738 creatures vanquished

Notes
Turn   | Place    | Note
-------+----------+-------------------------------------------
     0 | D:1      | Host24 the Kobold Hunter began the quest for the Orb.
     0 | D:1      | Reached XP level 1. HP: 12/12 MP: 1/1
    81 | D:1      | Reached XP level 2. HP: 16/19 MP: 2/2
   374 | D:1      | Reached XP level 3. HP: 16/23 MP: 3/3
   377 | D:1      | Reached skill level 5 in Crossbows
   996 | D:2      | Reached XP level 4. HP: 28/28 MP: 4/4
  1349 | D:3      | Reached skill level 6 in Crossbows
  1909 | D:3      | Found a hide-covered altar of Uskayaw.
  1942 | D:3      | Reached XP level 5. HP: 15/32 MP: 5/5
  1947 | D:3      | Reached skill level 7 in Crossbows
  2703 | D:4      | Noticed a phantom
  2713 | D:3      | Found a runed door.
  2718 | D:3      | Noticed Crazy Yiuf
  2724 | D:3      | Killed Crazy Yiuf
  2724 | D:3      | Reached XP level 6. HP: 32/37 MP: 6/6
  2772 | D:4      | Noticed an ogre
  2778 | D:4      | Killed an ogre
  2778 | D:4      | Reached skill level 8 in Crossbows
  2832 | D:4      | Killed a phantom
  2832 | D:4      | Reached XP level 7. HP: 2/41 MP: 7/7
  2985 | D:4      | Reached skill level 9 in Crossbows
  4024 | D:4      | Reached skill level 5 in Fighting
  4024 | D:4      | Reached XP level 8. HP: 50/50 MP: 8/8
  4306 | D:5      | Entered Level 5 of the Dungeon
  5135 | D:5      | Reached skill level 5 in Dodging
  5399 | D:5      | Reached XP level 9. HP: 57/57 MP: 9/9
  5629 | D:6      | Found a staircase to the Ecumenical Temple.
  5637 | Temple   | Entered the Ecumenical Temple
  5819 | D:6      | Found a bloodstained altar of Trog.
  6569 | D:7      | Noticed Menkaure
  6575 | D:7      | Killed Menkaure
  6903 | D:7      | Found a deep blue altar of Sif Muna.
  7393 | D:7      | Found an iron altar of Okawaru.
  7396 | D:7      | Became a worshipper of Warmaster Okawaru
  7490 | D:8      | Found an opulent altar of Gozag.
  7551 | D:8      | Reached XP level 10. HP: 22/67 MP: 10/10
  7570 | D:8      | Reached skill level 10 in Fighting
  7581 | D:8      | Reached skill level 1 in Invocations
  8415 | D:8      | Reached * piety under Okawaru
  8715 | D:8      | Found a white marble altar of Elyvilon.
  8823 | D:8      | Reached skill level 10 in Crossbows
  8913 | D:8      | Found a shadowy altar of Dithmenos.
  8989 | D:8      | Found Yceroteg's Antique Armour Boutique.
  9111 | D:8      | Noticed a hill giant
  9555 | D:8      | Killed a hill giant
  9555 | D:8      | Reached skill level 11 in Crossbows
  9691 | D:8      | Reached ** piety under Okawaru
 10352 | D:9      | Found a staircase to the Lair.
 10352 | D:9      | Noticed an elephant
 10363 | D:9      | Noticed a death yak
 10372 | D:9      | Killed an elephant
 10372 | D:9      | Reached skill level 12 in Crossbows
 10401 | D:9      | Killed a death yak
 10401 | D:9      | Reached XP level 11. HP: 7/72 MP: 13/13
 10422 | D:8      | Reached skill level 13 in Crossbows
 10813 | D:9      | Found a hazy altar of Hepliaklqana.
 10813 | D:9      | Found a blossoming altar of Fedhas.
 10815 | D:9      | Found a glowing silver altar of Zin.
 10995 | D:9      | Found a sacrificial altar of Ru.
 10996 | D:9      | Found a burning altar of Makhleb.
 11053 | D:9      | Found a stormy altar of Qazlal.
 11183 | D:9      | Reached *** piety under Okawaru
 11276 | Lair:1   | Entered Level 1 of the Lair of Beasts
 11342 | Lair:1   | Found a labyrinth entrance.
 11392 | Lab      | Entered a labyrinth
 11472 | Lab      | Noticed an unseen horror
 11473 | Lab      | Noticed an unseen horror
 11483 | Lab      | Killed an unseen horror
 11483 | Lab      | Reached skill level 14 in Crossbows
 11510 | Lab      | Killed an unseen horror
 12105 | Lab      | Noticed Darts's ghost (novice OpIE)
 12113 | Lab      | Killed Darts's ghost
 12113 | Lab      | Reached **** piety under Okawaru
 12872 | Lab      | Noticed a minotaur
 12883 | Lab      | Killed a minotaur
 12883 | Lab      | Received a gift from Okawaru
 12883 | Lab      | Reached skill level 15 in Crossbows
 12900 | Lab      | Identified Taebucw's Guide on Translocation
 12925 | Lair:1   | Identified a +1 pair of boots of running (You found it in a labyrinth)
 12996 | Lair:1   | Learned a level 2 spell: Blink
 13289 | Lair:1   | Noticed a four-headed hydra
 13302 | Lair:1   | Killed a four-headed hydra
 13321 | Lair:1   | Received a gift from Okawaru
 13641 | Lair:1   | Reached ***** piety under Okawaru
 13737 | Lair:1   | Reached skill level 16 in Crossbows
 13751 | Lair:1   | Reached XP level 12. HP: 50/77 MP: 14/14
 14305 | Lair:2   | Noticed a four-headed hydra
 14418 | Lair:2   | Reached skill level 10 in Dodging
 14730 | Lair:2   | Killed a four-headed hydra
 15610 | Lair:2   | Received a gift from Okawaru
 16332 | Lair:3   | Found a staircase to the Swamp.
 16480 | Lair:3   | Found a staircase to the Snake Pit.
 16589 | Lair:3   | Received a gift from Okawaru
 16633 | Lair:3   | Received a gift from Okawaru
 17118 | Lair:3   | Noticed a five-headed hydra
 17167 | Lair:3   | Killed a five-headed hydra
 17589 | Lair:3   | Received a gift from Okawaru
 18297 | Lair:4   | Reached XP level 13. HP: 86/86 MP: 15/15
 18298 | Lair:4   | Noticed Nessos
 18324 | Lair:3   | HP: 4/86 [poisoned by Nessos]
 18331 | Lair:3   | HP: 3/86 [poisoned by Nessos]
 18338 | Lair:3   | HP: 3/86 [poisoned by Nessos]
 18346 | Lair:3   | HP: 3/86 [poisoned by Nessos]
 18743 | Lair:4   | Killed Nessos
 18743 | Lair:4   | Received a gift from Okawaru
 19381 | Lair:4   | Received a gift from Okawaru
 19429 | Lair:4   | Noticed Urug
 19432 | Lair:4   | Killed Urug
 20338 | Lair:4   | Received a gift from Okawaru
 20726 | Lair:5   | Found a staircase to the Slime Pits.
 20902 | Lair:5   | Reached ****** piety under Okawaru
 21131 | Lair:5   | Reached skill level 17 in Crossbows
 21378 | Lair:5   | Noticed a five-headed hydra
 21452 | Lair:5   | Killed a five-headed hydra
 21452 | Lair:5   | Received a gift from Okawaru
 21712 | Lair:6   | Entered Level 6 of the Lair of Beasts
 22386 | Lair:5   | Reached XP level 14. HP: 77/96 MP: 12/16
 23180 | Lair:6   | Reached skill level 15 in Dodging
 23580 | Lair:6   | Received a gift from Okawaru
 23742 | Lair:6   | Received a gift from Okawaru
 24091 | Lair:5   | Received a gift from Okawaru
 24306 | D:10     | Entered Level 10 of the Dungeon
 25529 | D:11     | Found a blossoming altar of Fedhas.
 25575 | D:11     | Noticed Fannar
 25582 | D:11     | Killed Fannar
 27184 | D:12     | Found a bloodstained altar of Trog.
 27598 | D:12     | Reached XP level 15. HP: 100/100 MP: 17/17
 28051 | D:12     | Received a gift from Okawaru
 28060 | D:12     | Found a staircase to the Orcish Mines.
 28354 | D:12     | Reached skill level 18 in Crossbows
 28956 | D:12     | Received a gift from Okawaru
 28957 | D:12     | Got a pair of jewelled boots {god gift}
 28977 | D:12     | Identified the +0 pair of boots of the Great Game {*Slow rF++ rC+} (Okawaru gifted it to you on level 12 of the Dungeon)
 29948 | D:13     | Reached skill level 15 in Fighting
 30473 | D:13     | Reached skill level 5 in Invocations
 31211 | D:14     | Found Uhisu's Elemental Accessories.
 31918 | D:14     | Found a gate to the Vaults.
 32112 | D:14     | Received a gift from Okawaru
 32557 | D:14     | Reached XP level 16. HP: 53/111 MP: 19/19
 32983 | Orc:1    | Entered Level 1 of the Orcish Mines
 32996 | Orc:1    | Noticed Maurice
 33003 | Orc:1    | Killed Maurice
 33346 | Orc:2    | Entered Level 2 of the Orcish Mines
 33578 | Orc:2    | Noticed Saint Roka
 33608 | Orc:2    | Found Imimuze's Magic Scroll Boutique.
 33612 | Orc:2    | Found a staircase to the Elven Halls.
 33632 | Orc:2    | Found a roughly hewn altar of Beogh.
 33666 | Orc:2    | Found a roughly hewn altar of Beogh.
 33972 | Orc:2    | Found Teufy's Antique Weapon Shoppe.
 33976 | Orc:2    | Found Juem's Antique Armour Emporium.
 33976 | Orc:2    | Found a roughly hewn altar of Beogh.
 34345 | Orc:2    | Found a roughly hewn altar of Beogh.
 34353 | Orc:2    | Found Ixoseg's Magic Scroll Emporium.
 34547 | Orc:2    | Found a roughly hewn altar of Beogh.
 34560 | Orc:2    | Found Soygets's Book Shop.
 35233 | Elf:1    | Entered Level 1 of the Elven Halls
 35575 | Orc:2    | Killed from afar by Saint Roka

Skill      XL: |  1  2  3  4  5  6  7  8  9 10 11 12 13 14 15 16 |
---------------+-------------------------------------------------+-----
Fighting       | 3 5 7 9 10 12 14 16 17 | 17.4
Dodging        | 3 6 9 12 13 17 | 17.0
Crossbows      | 5 6 7 8 9 12 16 17 18 | 18.0
Invocations    | 3 5 |  5.2
Stealth        | |  1.3

Action                   |  1- 3 |  4- 6 |  7- 9 | 10-12 | 13-15 | 16-18 || total
-------------------------+-------+-------+-------+-------+-------+-------++-------
Melee: Short sword       |   108 |   122 |       |    17 |       |       ||   247
       Flail             |       |     8 |    12 |       |    60 |       ||    80
       Quarterstaff      |       |     5 |    57 |       |       |       ||    62
       War axe           |       |       |   183 |   202 |       |       ||   385
       Dagger            |       |       |       |   122 |       |       ||   122
       Long sword        |       |       |       |       |   593 |   183 ||   776
       Scimitar          |       |       |       |       |    16 |       ||    16
 Fire: Hand crossbow     |     7 |    21 |    32 |   248 |       |       ||   308
       Blowgun           |       |       |       |    14 |       |       ||    14
       Arbalest          |       |       |       |    98 |   793 |   157 ||  1048
Invok: Heroism           |       |       |       |     5 |     6 |       ||    11
       Finesse           |       |       |       |       |     1 |       ||     1
Evoke: Wand              |       |       |       |     1 |       |       ||     1
  Use: Scroll            |       |       |    10 |     9 |    11 |     1 ||    31
       Potion            |       |       |     3 |    15 |     1 |       ||    19
 Stab: Sleeping          |     3 |     1 |     8 |     1 |     3 |       ||    16
       Paralysed         |       |       |     2 |       |       |       ||     2
       Distracted        |       |       |       |       |     1 |       ||     1
  Eat: Chunk             |     9 |     6 |    15 |    33 |    55 |    10 ||   128
Armor: Leather armour    |    19 |    17 |    66 |   108 |   187 |    24 ||   421
Dodge: Dodged            |   102 |   104 |   293 |   659 |  1817 |   421 ||  3396
       Rpst.: Long sword |       |       |       |       |   332 |    83 ||   415
       Scimitar          |       |       |       |       |     5 |       ||     5
